 Dungeon Crawl Stone Soup version 0.31-a0-662-g684573625c (webtiles) character file.

Game seed: 2288619961978962683

73747 jasper the Spry (level 15, -10/82 HPs)
             Began as a Spriggan Summoner on Aug 17, 2023.
             Was an Initiate of Gozag.
             Mangled by a catoblepas (11 damage)
             ... while petrified by a catoblepas
             ... on level 5 of the Lair of Beasts on Aug 31, 2023.
             The game lasted 00:55:18 (24216 turns).

jasper the Spry (Spriggan Summoner)                Turns: 24216, Time: 00:55:19

Health: -10/82     AC:  9    Str:  4    XL:     15   Next: 4%
Magic:  20/26      EV:  4    Int: 23    God:    Gozag
Gold:   5562       SH:  0    Dex: 17    Spells: 8/28 levels left

rFire   . . .        s - +3 scimitar (flame)
rCold   + . .        (no shield)
rNeg    + + +        J - +2 robe {rC+}
rPois   ∞            N - +2 hat
rElec   +            k - +2 cloak
rCorr   +            (gloves unavailable)
SInv    +            (boots unavailable)
Will    ++...        M - amulet of the Air {Inacc Air Fly rElec RMsl}
Stlth   ++           i - ring of resist corrosion
HPRegen 0.33/turn    p - +5 ring of evasion
MPRegen 0.20/turn

%: inaccuracy (-5), repel missiles
@: petrified, gold aura, flying, very quick
A: very small, no large weapons, unfitting armour, see invisible, speed 3
a: Renounce Religion, Potion Petition, Call Merchant, Bribe Branch


You were on level 5 of the Lair of Beasts.
You worshipped Gozag.
Gozag was greatly pleased with you.
You visited 3 branches of the dungeon, and saw 19 of its levels.
You also visited: Sewer.

You collected 6886 gold pieces.
You spent 1282 gold pieces at shops.
You paid 42 gold pieces to Gozag.

Inventory:

Hand Weapons
 s - a +3 scimitar of flaming (weapon)
 L - a -2 demon whip of venom
Missiles
 y - 2 throwing nets
Armour
 k - a +2 cloak (worn)
 H - +0 fire dragon scales
 J - a +2 robe of cold resistance (worn)
 N - a +2 hat (worn)
Magical Staves
 A - a staff of cold
Jewellery
 i - a ring of resist corrosion (left hand)
 j - a ring of protection from cold
 p - a +5 ring of evasion (right hand)
 x - a ring of willpower
 z - an amulet of regeneration
 E - a ring of magical power
 G - an amulet of guardian spirit
 K - a ring of poison resistance
 M - the amulet of the Air (around neck) {Inacc Air Fly rElec RMsl}
   (You bought it in a shop on level 10 of the Dungeon)

   [amulet of nothing]

   Inacc:     It reduces the accuracy of your attacks and spells.
   Air:       It enhances your air magic.
   rElec:     It insulates you from electricity.
   Fly:       It grants you flight.
   RMsl:      It protects you from missiles.
Wands
 d - a wand of light (1)
 w - a wand of mindburst (7)
 C - a wand of iceblast (7)
 I - a wand of polymorph (8)
 S - a wand of flame (11)
Scrolls
 l - 7 scrolls of immolation
 m - a scroll of revelation
 n - 2 scrolls of blinking
 u - a scroll of enchant armour
 v - 5 scrolls of teleportation
 B - a scroll of identify
 F - 3 scrolls of vulnerability
 O - 3 scrolls of fear
 P - 2 scrolls of fog
 R - a scroll of poison
Potions
 a - a potion of cancellation
 b - 2 potions of magic
 c - 3 potions of might
 e - 6 potions of haste
 f - 2 potions of enlightenment
 g - a potion of invisibility
 h - 2 potions of curing
 o - 8 potions of mutation
 q - 7 potions of lignification
 r - 5 potions of resistance
 t - 4 potions of brilliance
 D - 4 potions of heal wounds
 T - 3 potions of attraction
Miscellaneous
 Q - a tin of tremorstones (1/2)


   Skills:
 + Level 11.1 Fighting
 + Level 16.8 Dodging
 - Level 3.0 Stealth
 - Level 7.3 Spellcasting
 - Level 3.2 Hexes
 - Level 16.0 Summonings
 - Level 2.1 Translocations
 - Level 3.0 Air Magic


You had 8 spell levels left.
You knew the following spells:

 Your Spells              Type           Power      Damage    Failure   Level
b - Summon Forest         Summ/Tloc      25%        N/A       4%          5
c - Summon Cactus Giant   Summ           35%        N/A       1%          6
d - Summon Lightning Spi  Summ/Air       67%        N/A       1%          4
e - Summon Mana Viper     Hex/Summ       51%        N/A       4%          5

Your spell library contained the following spells:

 Spells                   Type           Power      Damage    Failure   Level
 Summon Small Mammal      Summ           100%       N/A       0%          1
 Call Imp                 Summ           100%       N/A       0%          2
 Slow                     Hex            92%        N/A       1%          1
 Call Canine Familiar     Summ           70%        N/A       1%          3
 Summon Guardian Golem    Hex/Summ       51%        N/A       1%          3
 Lesser Beckoning         Tloc           36%        N/A       4%          2
 Confusing Touch          Hex            23%        N/A       6%          3
 Foxfire                  Conj/Fire      32%        2x1d5     8%          1
 Gell's Gravitas          Tloc           18%        N/A       9%          3
 Teleport Other           Tloc           18%        N/A       9%          3
 Wereblood                Tmut           8%         N/A       12%         2
 Vampiric Draining        Necr           8%         2d6       22%         3
 Irradiate                Conj/Tmut      4%         3d13      91%         5
 Plasma Beam              Fire/Air       11%        2x1d22    99%         6
 Starburst                Conj/Fire      4%         6d3       100%        6


Dungeon Overview and Level Annotations

Branches:
Dungeon (12/15)            Temple (0/1) D:7            Lair (5/5) D:8
  Swamp (0/4) Lair:2       Spider (0/4) Lair:2          Orc (2/2) D:12
    Elf (0/3) Orc:2         Sewer (visited)
  Slime: Lair:4-5

Altars:
Gozag
Hepliaklqana
Kikubaaqudgha
Qazlal
Vehumet
Wu Jian
Xom
Yredelemnul

Shops:
D:1 (   D:10 **(   Orc:1 =   Orc:2 *[:(

Annotations:
D:2 Crazy Yiuf


Innate Abilities, Weirdness & Mutations

You are very small and have problems with some larger weapons.
You are too small for most types of armour.
You have supernaturally acute eyesight. (SInv)
You cover ground extremely quickly. (Speed+++)


Message History

The death yak is heavily wounded.
You are engulfed in calcifying dust.
The death yak gores you.
Your cactus giant hits the catoblepas with a +0 giant spiked club!
The death yak gores you! The catoblepas misses you. The death yak gores you!!
The death yak is struck by your cactus giant's spines.
The death yak gores your cactus giant!
You have turned to stone.
You are engulfed in calcifying dust.
The death yak gores you but does no damage.
The death yak gores you.
The death yak is struck by your cactus giant's spines.
The death yak gores your cactus giant!!
The catoblepas breathes a plume of calcifying dust at you.
The blast of calcifying dust hits you but does no damage.
You are engulfed in calcifying dust.
The death yak gores you!!
The death yak is struck by your cactus giant's spines.
The death yak gores your cactus giant!
The death yak gores you but does no damage.
The catoblepas gores you but does no damage.
Your cactus giant hits the death yak but does no damage.
You are engulfed in calcifying dust.
The death yak gores you!! The death yak gores you!
The death yak is struck by your cactus giant's spines.
The death yak gores your cactus giant!! The catoblepas gores you.
You hear a bellow!
The death yak gores you. The death yak gores you!
* * * LOW HITPOINT WARNING * * *
A death yak comes into view.
The death yak is struck by your cactus giant's spines.
The death yak gores your cactus giant! The catoblepas gores you!!
* * * LOW HITPOINT WARNING * * *
The death yak stops moving altogether!
The catoblepas gores you!!
* * * LOW HITPOINT WARNING * * *
The death yak is struck by your cactus giant's spines.
The death yak dies!
The death yak is distracted by your dazzling golden aura.
Your cactus giant hits the catoblepas with a +0 giant spiked club!!
The death yak bellows!
The catoblepas gores you!!
You die...
Your body crumbles into a pile of gold.

###### ##@YP.####### #
##YYP.......P##
###.P##.$C.P.....÷..##
#.......#######......##
##..PY### ###.....#
#.... ###...## ##..
###..## #.# ##..## #.
#.P.#


You could see 3 death yaks, a catoblepas and a friendly cactus giant (summoned).

Vanquished Creatures
  4 hydras
  A two-headed ogre (D:11)
  A death yak (Lair:2)
  2 orc high priests (Orc:2)
  A bog body (Lair:2)
  3 orc knights (Orc:2)
  A cyclops (D:11)
  3 elephants
  A gargoyle (D:10)
  A torpor snail (Lair:3)
  2 cane toads
  3 rime drakes
  A polar bear (Lair:4)
  3 blink frogs
  3 wyverns
  A slime creature (D:9)
  10 yaks
  2 wraiths
  3 two-headed ogre zombies (Orc:1)
  A warg (Orc:1)
  7 water moccasins
  A hell hound (Lair:1)
  A sky beast (D:7)
  6 orc warriors
  A black bear (D:5)
  A centaur (D:12)
  2 ogres
  A wolf (Lair:3)
  A kobold brigand (D:9)
  10 bullfrogs
  A necrophage (D:10)
  2 killer bees (D:7)
  A nameless horror (Lair:5)
  2 howler monkeys (D:9)
  A centaur zombie (D:10)
  A hound (D:7)
  2 orc priests (D:8)
  2 iguanas
  4 orc wizards
  8 adders
  2 river rats (Sewer)
  A white imp (D:7)
  An ufetubus (D:4)
  21 orcs
  5 endoplasms
  2 giant cockroaches
  2 goblins (D:2)
  7 hobgoblins
  2 jackals (D:1)
  4 quokkas
  7 ball pythons
  3 bats (D:3)
  8 kobolds
  10 rats
177 creatures vanquished.

Vanquished Creatures (collateral kills)
  Gastronok (Lair:1)
  An orc warlord (Orc:2)
  The ghost of SirDiesAlot the Fighter, a journeyman MiBe of Trog (Orc:2)
  Josephine (Lair:5)
  4 hydras
  An ogre mage (Orc:1)
  4 two-headed ogres
  Erica (D:8)
  A boulder beetle (D:11)
  2 orc high priests (Orc:2)
  9 death yaks
  Amaemon (D:8)
  A bog body (Lair:2)
  An orb spider (Lair:2)
  A lindwurm (Lair:3)
  2 orc knights
  An ugly thing (D:11)
  3 orc sorcerers
  A cyclops (Orc:1)
  9 elephants
  A black mamba (Lair:5)
  An orange demon (D:8)
  6 cane toads
  Maggie (Lair:1)
  9 komodo dragons
  3 rime drakes (Lair:5)
  A kobold demonologist (D:9)
  3 trolls
  3 polar bears
  20 blink frogs
  4 slime creatures (D:9)
  2 shadows (D:11)
  3 wraiths (Lair:5)
  60 yaks
  2 wyverns (Lair:5)
  A basilisk (Lair:1)
  11 two-headed ogre zombies (Orc:1)
  2 wargs
  8 water moccasins
  A hell hound (Lair:1)
  28 orc warriors
  An ice beast (D:8)
  5 ogres
  A black bear (Lair:5)
  2 wolves (Lair:3)
  4 centaurs
  2 nameless horrors
  3 kobold brigands
  6 bullfrogs
  A gnoll sergeant (D:9)
  2 necrophages (D:10)
  2 wights (D:10)
  2 killer bees (D:7)
  3 electric eels (Lair:1)
  A human zombie (D:10)
  3 centaur zombies (D:10)
  A hound (D:6)
  5 orc priests
  A gnoll bouda (D:7)
  2 jellies (D:6)
  2 sleepcaps
  Ijyb (D:3)
  13 orc wizards
  A mummy (D:10)
  11 gnolls
  4 adders
  5 river rats (Sewer)
  An ufetubus (D:5)
  2 worms
  42 orcs
  13 ball pythons
  3 bats
  2 endoplasms
  A giant cockroach (D:2)
  2 hobgoblins (D:1)
  A jackal (D:1)
  2 quokkas (D:2)
  2 frilled lizards
  3 goblins
  16 kobolds
  13 rats
  A butterfly (Lair:2)
404 creatures vanquished.

Vanquished Creatures (others)
  Snorg (D:11)
  2 two-headed ogres
  An orc knight (Orc:1)
  A centaur zombie (D:10)
  A troll (Orc:2)
  A yak (D:8)
  A steam dragon (D:9)
  A warg (D:8)
  An acid dragon (D:11)
  An ogre (D:6)
  4 orc warriors (Orc:2)
  A scorpion (D:5)
  2 killer bees (D:7)
  A gnoll bouda (D:6)
  An orc priest (D:12)
  An orc wizard (Orc:1)
  A gnoll (D:6)
  12 snaplasher vines
34 creatures vanquished.

Grand Total: 615 creatures vanquished

Notes
Turn   | Place    | Note
-------+----------+-------------------------------------------
     0 | D:1      | jasper the Spriggan Summoner began the quest for the Orb.
     0 | D:1      | Reached XP level 1. HP: 9/9 MP: 5/5
   491 | D:1      | Found Nunyrol's Antique Weapon Boutique.
   504 | D:1      | Reached XP level 2. HP: 13/13 MP: 3/6
   532 | D:1      | Learned a level 2 spell: Call Imp
   956 | D:2      | Found a shimmering altar of Xom.
  1106 | D:2      | Reached XP level 3. HP: 16/16 MP: 4/8
  1110 | D:2      | Learned a level 3 spell: Call Canine Familiar
  1913 | D:2      | Found a runed translucent door.
  1914 | D:2      | Noticed Crazy Yiuf
  2221 | D:3      | Reached XP level 4. HP: 20/21 MP: 5/9
  2339 | D:3      | Found an opulent altar of Gozag.
  2356 | D:3      | Became a worshipper of Gozag Ym Sagoz the Greedy
  2426 | D:3      | Reached skill level 5 in Summonings
  2741 | D:3      | Noticed Ijyb
  2763 | D:3      | Killed Ijyb
  2764 | D:3      | Reached XP level 5. HP: 9/24 MP: 5/10
  2854 | D:3      | Found a stormy altar of Qazlal.
  2855 | D:3      | Noticed a fire elemental
  2857 | D:3      | Noticed a water elemental
  2857 | D:3      | Noticed an air elemental
  2960 | D:4      | Learned a level 3 spell: Summon Guardian Golem
  2967 | D:4      | Noticed an ogre
  2989 | D:4      | Killed an ogre
  3127 | D:4      | Reached XP level 6. HP: 28/28 MP: 11/11
  3727 | D:4      | Found a faded altar of an unknown god.
  3728 | D:4      | Found a hazy altar of Hepliaklqana.
  3804 | D:5      | Entered Level 5 of the Dungeon
  4177 | D:5      | Reached XP level 7. HP: 32/32 MP: 1/12
  5182 | D:6      | Reached skill level 1 in Fighting
  5323 | D:6      | Found a glowing drain.
  5361 | D:6      | Reached XP level 8. HP: 20/39 MP: 5/13
  5363 | D:6      | Reached skill level 5 in Dodging
  5474 | Sewer    | Entered a sewer
  6178 | D:6      | You fall into a shaft and drop 2 floors!
  6274 | D:7      | Learned a level 4 spell: Summon Lightning Spire
  6517 | D:6      | Found a radiant altar of Vehumet.
  6618 | D:6      | Found an ancient bone altar of Kikubaaqudgha.
  6648 | D:6      | Reached skill level 1 in Air Magic
  6998 | D:6      | Noticed a two-headed ogre
  7020 | D:6      | Killed a two-headed ogre
  7021 | D:6      | Reached XP level 9. HP: 46/46 MP: 9/14
  7185 | D:7      | Reached skill level 5 in Fighting
  7967 | D:7      | Found a staircase to the Ecumenical Temple.
  8030 | D:7      | Found an ornate altar of the Wu Jian Council.
  8414 | D:8      | Reached XP level 10. HP: 51/51 MP: 2/15
  8587 | D:8      | Found a staircase to the Lair.
  8816 | D:8      | Noticed Amaemon
  8816 | D:8      | Noticed an orange demon
  8839 | D:8      | Killed Amaemon
  8862 | D:8      | Killed an orange demon
  8863 | D:8      | Reached skill level 10 in Summonings
  9239 | D:9      | Noticed a two-headed ogre
  9266 | D:8      | Killed a two-headed ogre
  9653 | D:9      | Noticed a two-headed ogre
  9668 | D:9      | Killed a two-headed ogre
  9818 | D:10     | Entered Level 10 of the Dungeon
  9851 | D:10     | Noticed a two-headed ogre
  9879 | D:10     | Killed a two-headed ogre
  9880 | D:10     | Reached XP level 11. HP: 56/56 MP: 3/16
  9880 | D:10     | Upgraded the game from 0.31-a0-564-g3b7de120b3 to
                  | 0.31-a0-662-g684573625c
 10146 | D:10     | Found a basalt altar of Yredelemnul.
 10208 | D:10     | Found Akkar's General Store.
 10208 | D:10     | Found Taaten's Antique Weapon Shop.
 10208 | D:10     | Found Giadihemp's Antique Armour Shop.
 10212 | D:10     | Found Coeps's General Store.
 10220 | D:10     | Bought a potion of curing for 33 gold pieces
 10225 | D:10     | Bought a potion of mutation for 96 gold pieces
 10225 | D:10     | Bought a potion of curing for 36 gold pieces
 10225 | D:10     | Bought a potion of lignification for 36 gold pieces
 10225 | D:10     | Bought the amulet of the Air {Inacc Air Fly rElec RMsl} for
                  | 451 gold pieces
 10225 | D:10     | Found the amulet of the Air {Inacc Air Fly rElec RMsl}
 10464 | D:10     | Noticed a two-headed ogre
 10480 | D:10     | Killed a two-headed ogre
 11020 | D:11     | Noticed a boulder beetle
 11045 | D:11     | Killed a boulder beetle
 11208 | D:11     | Noticed Snorg
 11217 | D:11     | Killed Snorg
 11415 | D:11     | Noticed a two-headed ogre
 11448 | D:11     | Killed a two-headed ogre
 11851 | D:12     | Noticed a green ugly thing
 11883 | D:11     | Killed a green ugly thing
 12670 | D:9      | Noticed a two-headed ogre
 12686 | D:9      | Killed a two-headed ogre
 12911 | Lair:1   | Entered Level 1 of the Lair of Beasts
 12912 | Lair:1   | Noticed Erica
 12924 | Lair:1   | Noticed a death yak
 12934 | D:8      | Killed Erica
 13335 | D:12     | Found a staircase to the Orcish Mines.
 13364 | D:12     | Reached XP level 12. HP: 60/60 MP: 9/17
 13459 | Orc:1    | Entered Level 1 of the Orcish Mines
 13484 | Orc:1    | Found Omisutt's Jewellery Boutique.
 13509 | Orc:1    | Reached skill level 10 in Dodging
 13828 | Orc:2    | Entered Level 2 of the Orcish Mines
 13838 | Orc:2    | Noticed an orc high priest
 13843 | Orc:2    | Found Vaijuzedd's Antique Armour Shoppe.
 13851 | Orc:2    | Killed an orc high priest
 14377 | Orc:2    | Found a staircase to the Elven Halls.
 14429 | Orc:2    | Noticed an orc warlord
 14439 | Orc:2    | Killed an orc warlord
 14608 | Orc:2    | Noticed an orc high priest
 14625 | Orc:2    | Killed an orc high priest
 14756 | Orc:2    | Found Cudar's Book Boutique.
 14777 | Orc:2    | Bought a book of the Wilderness for 532 gold pieces
 14785 | Orc:2    | Learned a level 6 spell: Summon Cactus Giant
 14899 | Orc:2    | Found Bichergh's Antique Weapon Boutique.
 15118 | Orc:2    | Noticed an orc high priest
 15126 | Orc:2    | Killed an orc high priest
 15127 | Orc:2    | Reached skill level 5 in Spellcasting
 15154 | Orc:1    | Learned a level 5 spell: Summon Mana Viper
 15290 | Orc:2    | Noticed an orc high priest
 15299 | Orc:2    | Killed an orc high priest
 15308 | Orc:2    | Found Fentifot's General Store.
 15317 | Orc:2    | Bought a potion of heal wounds for 70 gold pieces
 15317 | Orc:2    | Bought a scroll of identify for 28 gold pieces
 15500 | Orc:2    | Found a large runed translucent door.
 15500 | Orc:2    | Found a large runed translucent door.
 15502 | Orc:2    | Noticed SirDiesAlot's ghost (journeyman MiBe)
 15638 | Orc:2    | Killed SirDiesAlot's ghost
 15753 | Orc:2    | Learned a level 5 spell: Summon Forest
 15911 | Orc:1    | Reached skill level 1 in Translocations
 15914 | Orc:1    | Reached XP level 13. HP: 68/68 MP: 9/24
 16624 | Lair:1   | Noticed Gastronok
 16766 | Lair:1   | Identified the +1 dagger of Weak Blind Justice {venom,
                  | +Blink}
 16813 | Lair:1   | Killed Gastronok
 17484 | Lair:1   | Noticed Maggie
 17496 | Lair:1   | Killed Maggie
 17509 | Lair:1   | Reached skill level 15 in Summonings
 18696 | Lair:2   | Found a staircase to the Swamp.
 18729 | Lair:2   | Reached XP level 14. HP: 75/75 MP: 14/25
 19194 | Lair:2   | Found a hole to the Spider Nest.
 21210 | Lair:4   | Reached skill level 15 in Dodging
 21252 | Lair:4   | HP: 3/76 [yak (9)]
 21284 | Lair:4   | Reached skill level 10 in Fighting
 22581 | Lair:5   | Entered Level 5 of the Lair of Beasts
 22869 | Lair:5   | Noticed Josephine
 22877 | Lair:5   | Killed Josephine
 23675 | Lair:5   | Reached XP level 15. HP: 72/82 MP: 8/26
 24215 | Lair:5   | HP: 1/82 [catoblepas (11)]
 24216 | Lair:5   | Mangled by a catoblepas

Illustrated notes

Levels and vault maps discovered:
D:1:      lightli_arrival_statue_moat, layout_rooms, serial_shops, shop,
          lemuel_flame_loot_1
D:2:      layout_loops_ring, basic_altar, minmay_pentomino_q4,
          uniq_crazy_yiuf_cottage
D:3:      layout_rooms, nicolae_qazlal_style_of_elements,
          grunt_gozag_breadcrumbs, uniq_ijyb
D:4:      layout_cave_pods, beargit_hepliaklqana_dungeon_heroes,
          minmay_misc_feat_iff, chequers_serial_rivers_room_a
D:5:      layout_basic
D:6:      cheibrodos_two_vegetables, layout_loops_ring,
          nicolae_kikubaaqudgha_miasma_corner, nicolae_vehumet_radiance,
          cheibrodos_sewer_entry_sluice
D:7:      layout_gridville, pdpol_wu_jian_five_deadly_venoms,
          minmay_temple_entry_butterflies
D:8:      layout_basic, erik_lair_orcish_takeover, uniq_amaemon
D:9:      layout_roguey
D:10:     layout_irregular_city, lemuel_mausoleum_altar_yredelemnul,
          serial_glass, glass_columns_a, glass_columns_a,
          minmay_shop_grid_forest
D:11:     layout_big_octagon, uniq_snorg
D:12:     layout_basic, david_orc_3, lemuel_nasty_fountain
Lair:1:   layout_loops_ring, enter_volcano_3, disabler_island, uniq_gastronok,
          uniq_maggie, uniq_erica
Lair:2:   layout_regular_city, skrybe_swamp_entry_bodies,
          nicolae_spider_entry_orb_guardian, lemuel_fruit_fields,
          serial_bayou_shore_a
Lair:3:   layout_roguey
Lair:4:   layout_regular_city
Lair:5:   grunt_lair_end_beastmaster, layout_loops_ring, slime_entry_2,
          uniq_josephine
Orc:1:    lemuel_ogre_cave, layout_caves, serial_shops, shop
Orc:2:    grunt_orc_gardens, layout_diamond_mine, grunt_orc_garden,
          grunt_orc_garden, grunt_orc_garden, grunt_orc_garden,
          ebering_ghost_disaster_area

Skill      XL: |  1  2  3  4  5  6  7  8  9 10 11 12 13 14 |
---------------+-------------------------------------------+-----
Summonings     | 4 5 6 7 9 11 14 15 16 | 16.0
Hexes          | 3 |  3.2
Dodging        | 4 8 9 12 14 16 | 16.8
Fighting       | 2 4 5 8 9 11 | 11.1
Air Magic      | 2 3 |  3.0
Spellcasting   | 7 |  7.3
Translocations | 2 |  2.1
Stealth        | |  3.0

Action                     |  1- 3 |  4- 6 |  7- 9 | 10-12 | 13-15 || total
---------------------------+-------+-------+-------+-------+-------++-------
  Melee: Unarmed           |     4 |       |       |       |       ||     4
         Dagger            |    46 |   100 |   218 |   136 |       ||   500
         Club              |     1 |       |       |       |       ||     1
         Punch             |       |     1 |     4 |     1 |     7 ||    13
         Scimitar          |       |       |       |    57 |   333 ||   390
   Cast: Summon Small Mamm |    17 |       |       |       |       ||    17
         Call Imp          |    21 |    12 |     8 |     5 |       ||    46
         Call Canine Famil |     5 |    12 |    40 |    59 |     4 ||   120
         Summon Guardian G |       |       |    18 |    20 |       ||    38
         Summon Lightning  |       |       |    12 |    59 |    30 ||   101
         Summon Cactus Gia |       |       |       |     4 |    45 ||    49
         Summon Mana Viper |       |       |       |     3 |     7 ||    10
         Summon Forest     |       |       |       |       |    31 ||    31
  Evoke: Wand              |       |     4 |     7 |    20 |     3 ||    34
         Tin of tremorston |       |       |       |     4 |     2 ||     6
    Use: Scroll            |     2 |    12 |     4 |    12 |     4 ||    34
         Potion            |       |       |       |     4 |     3 ||     7
   Stab: Sleeping          |     4 |     4 |     2 |     1 |     2 ||    13
         Distracted        |       |       |     2 |     1 |     3 ||     6
         Invisible         |       |       |       |       |     2 ||     2
         Petrifying        |       |       |       |       |     1 ||     1
 Armour: Robe              |    11 |    11 |    36 |    78 |   155 ||   291
  Dodge: Dodged            |    43 |    75 |   324 |   269 |   609 ||  1320
         Repelled          |       |       |       |     5 |     6 ||    11

Table legend: (Time is in decaauts)
 A = Elapsed time spent in this place.
 B = Non-inter-level travel time spent in this place.
 C = Inter-level travel time spent in this place.
 D = Time resting spent in this place.
 E = Time spent auto-exploring this place.
 F = Levels seen in this place.
 G = Mean time per level.
                   A        B        C        D        E       F      G
               +--------+--------+--------+--------+--------+-----+--------+
         Total |  19290 |  18690 |    600 |   2068 |  11476 |  20 |  964.5 |
       Dungeon |   9992 |   9635 |    357 |    954 |   5932 |  12 |  832.7 |
          Lair |   6199 |   6037 |    162 |    573 |   4047 |   5 | 1239.8 |
  Orcish Mines |   2534 |   2453 |     81 |    541 |   1158 |   2 | 1267.0 |
         Sewer |    563 |    563 |      0 |      0 |    339 |   1 |  563.0 |
               +--------+--------+--------+--------+--------+-----+--------+

Top non-repeatable levels by time:
  Lair:4: 1683 daAuts
   Orc:2: 1469 daAuts
  Lair:1: 1332 daAuts
     D:8: 1257 daAuts
  Lair:2: 1245 daAuts
     D:9: 1095 daAuts
   Orc:1: 1065 daAuts
  Lair:3: 1038 daAuts
     D:5: 994 daAuts
    D:11: 936 daAuts
  Lair:5: 899 daAuts
     D:7: 896 daAuts
    D:10: 883 daAuts
     D:6: 879 daAuts
     D:2: 867 daAuts
